 Dungeon Crawl Stone Soup version 0.29-a0-321-gf1c400731a (webtiles) character file.

Game seed: 13138083664836757699

51 Flugslaktarn the Stinger (level 4, -2/30 HPs)
             Began as a Human Venom Mage on Apr 4, 2022.
             Slain by a scorpion (3 damage)
             ... on level 4 of the Dungeon.
             The game lasted 00:04:33 (828 turns).

Flugslaktarn the Stinger (Human Venom Mage)          Turns: 828, Time: 00:04:33

Health: -2/30      AC:  2    Str:  7 (9)  XL:     4   Next: 7%
Magic:  2/7        EV: 12    Int: 14 (17) God:
Gold:   11         SH:  0    Dex: 10 (13) Spells: 4/7 levels left

rFire   + . .      SeeInvis .   i - +0 dagger
rCold   . . .      Faith    .   (no shield)
rNeg    . . .      Spirit   .   a - +0 robe
rPois   .          Reflect  .   (no helmet)
rElec   .          Harm     .   (no cloak)
rCorr   .          Rampage  .   (no gloves)
Will    .....                   (no boots)
Stlth   ++........              (no amulet)
HPRegen 0.10/turn               p - ring of protection from fire
MPRegen 0.10/turn               (no ring)

@: mighty, lethally poisoned (-2 -> -5)
A: no striking features
a: no special abilities


You were on level 4 of the Dungeon.
You visited 1 branch of the dungeon, and saw 4 of its levels.

You collected 11 gold pieces.

Inventory:

Hand Weapons
 i - a +0 dagger (weapon)
   (You took it off a goblin on level 1 of the Dungeon)
Armour
 a - a +0 robe (worn)
Magical Staves
 g - a staff of death
   (You found it on level 1 of the Dungeon)
Jewellery
 p - a ring of protection from fire (left hand)
   (You found it on level 1 of the Dungeon)
Scrolls
 b - a scroll of enchant armour {unknown}
 f - a scroll of teleportation {unknown}
 h - a scroll of fog {unknown}
 z - a scroll of blinking
Potions
 c - a potion of degeneration
 d - a potion of might


   Skills:
 - Level 2.0 Dodging
 - Level 2.0 Stealth
 + Level 2.4 Spellcasting
 - Level 2.0 Transmutations
 + Level 1.3 Air Magic
 + Level 3.5 Poison Magic


You had 4 spell levels left.
You knew the following spells:

 Your Spells              Type           Power      Damage    Failure   Level
a - Sting                 Tmut/Pois      36%        1d4       8%          1
b - Poisonous Vapours     Pois/Air       16%        N/A       13%         2

Your spell library contained the following spells:

 Spells                   Type           Power      Damage    Failure   Level
 Corpse Rot               Necr/Air       6%         N/A       26%         2
 Mephitic Cloud           Conj/Pois/Air  6%         N/A       34%         3
 Olgreb's Toxic Radiance  Pois           11%        N/A       47%         4
 Dispel Undead            Necr           1%         3d6       92%         4
 Death Channel            Necr           0%         N/A       100%        6


Dungeon Overview and Level Annotations

Branches:
Dungeon (4/15)
 Temple: D:4-7

Altars:

Shops:
D:1 (:*


Message History

The hobgoblin barely misses you.
You hit the hobgoblin.
You kill the hobgoblin!
Your magical contamination has completely faded away.
You open the door.
Found a scroll labelled YMARCH XONOSTRU.
There is an open door here.
b - a scroll labelled YMARCH XONOSTRU You open the door.
There is an open door here.
Found an escape hatch in the floor.
There is an escape hatch in the floor here.
You slide downwards.
The hatch slams shut behind you.
Found a ring mail and 9 gold pieces.
Found an escape hatch in the floor.
Found a stone staircase leading down.
Unknown command.
There is an escape hatch in the floor here.
Casting: Sting (safe; 6% risk of failure)
Confirm with . or Enter, or press ? or * to list all spells.
Aiming: Sting (safe; 6% risk of failure)
Press: ? - help, Shift-Dir - straight line, f - dart slug
Aim: a dart slug (100% to hit)
The sting hits the dart slug.
The dart slug is poisoned.
The dart slug is lightly wounded.
The dart slug launches a dart at you. The slug dart hits you.
The orc priest looks braver for a moment.
Found 4 gold pieces.
You kill the dart slug!
Found 15 gold pieces.
Casting: Sting (safe; 6% risk of failure)
Confirm with . or Enter, or press ? or * to list all spells.
Aiming: Sting (safe; 6% risk of failure)
Press: ? - help, Shift-Dir - straight line, f - orc
Aim: an orc, wielding a +0 hand axe (71% to hit)
The sting misses the orc.
Casting: Sting (safe; 6% risk of failure)
Confirm with . or Enter, or press ? or * to list all spells.
Aiming: Sting (safe; 6% risk of failure)
Press: ? - help, Shift-Dir - straight line, f/p - orc
Aim: an orc, wielding a +0 hand axe (71% to hit)
The sting hits the orc.
The orc is poisoned.
The orc is almost dead.
You kill the orc!
You have reached level 4!
You feel stronger.
There is a stone staircase leading down here.
Casting: Sting (safe; 6% risk of failure)
Confirm with . or Enter, or press ? or * to list all spells.
Aiming: Sting (safe; 6% risk of failure)
Press: ? - help, Shift-Dir - straight line, f - orc
Aim: an orc, wielding a +0 short sword (71% to hit)
The sting hits the orc.
The orc is poisoned.
The orc is lightly wounded.
The orc priest begins to cast a cantrip, but forgets the words!
The orc hits you with a +0 short sword.
You climb downwards.
Found a leather armour.
Found a stone staircase leading up.
There is a stone staircase leading up here.
Casting: Sting (safe; 6% risk of failure)
Confirm with . or Enter, or press ? or * to list all spells.
Aiming: Sting (safe; 6% risk of failure)
Press: ? - help, Shift-Dir - straight line, f - orc
Aim: an orc, wielding a +0 short sword (heavily wounded, poisoned, 71% to hit)
The sting hits the orc.
The orc looks even sicker.
The orc is severely wounded.
You kill the orc!
You aren't carrying any items that you can evoke.
Unknown command.
You feel very mighty all of a sudden.
You hit the scorpion.
The scorpion is lightly wounded.
The scorpion stings you.
You are poisoned.
The scorpion poisons you!
You puncture the scorpion!
The scorpion is heavily wounded.
You feel sick. The scorpion stings you.
You barely miss the scorpion.
The scorpion is heavily wounded.
You feel sick. The scorpion misses you. The scorpion stings you.
* * * LOW HITPOINT WARNING * * *
Unknown command.
Casting: Sting (safe; 6% risk of failure)
Confirm with . or Enter, or press ? or * to list all spells.
Aiming: Sting (safe; 6% risk of failure)
Press: ? - help, Shift-Dir - straight line, f - scorpion
Aim: a scorpion (heavily wounded, 71% to hit)
The sting hits the scorpion but does no damage.
The scorpion is poisoned.
The scorpion is heavily wounded.
* * * LOW HITPOINT WARNING * * *
You feel sick. The scorpion stings you.
* * * LOW HITPOINT WARNING * * *
It was a potion of degeneration.
There was something very wrong with that liquid.
You feel weakened.
You feel dopey.
You feel clumsy.
* * * LOW HITPOINT WARNING * * *
You feel sick. The scorpion stings you.
You die...

## ##...#####
#.....)@.#
#.#....s.......
...............
.#.............
#....<........
#..........[^.
#.............
##............


You could see a scorpion (poisoned).

Vanquished Creatures
  A gnoll (D:1)
  An adder (D:2)
  2 dart slugs
  3 orcs
  4 bats (D:1)
  An endoplasm (D:1)
  2 goblins (D:1)
  5 hobgoblins
  A kobold (D:2)
  2 ball pythons (D:1)
  A frilled lizard (D:1)
  2 rats
25 creatures vanquished.

Notes
Turn   | Place    | Note
-------+----------+-------------------------------------------
     0 | D:1      | Flugslaktarn the Human Venom Mage began the quest for the
                  | Orb.
     0 | D:1      | Reached XP level 1. HP: 13/13 MP: 3/3
    58 | D:1      | Found Noudweh's Antique Weapon Shop.
   136 | D:2      | Reached XP level 2. HP: 19/19 MP: 3/5
   154 | D:2      | Learned a level 2 spell: Poisonous Vapours
   201 | D:2      | Reached XP level 3. HP: 8/24 MP: 1/6
   225 | D:2      | Found a faded altar of an unknown god.
   565 | D:1      | Reached skill level 1 in Air Magic
   578 | D:1      | Found Ruom's Book Emporium.
   619 | D:1      | Found Roticoqi's Assorted Antiques.
   819 | D:3      | Reached XP level 4. HP: 25/30 MP: 4/7
   821 | D:4      | Noticed a scorpion
   828 | D:4      | HP: 1/30 [poisoned by a scorpion]
   828 | D:4      | Slain by a scorpion

Illustrated notes

Levels and vault maps discovered:
D:1:      dpeg_arrival_pond, layout_loops_corners, serial_shops,
          nicolae_lakefront_shop, shop_statue, shop, nicolae_lakefront_shop,
          nicolae_shop_advertising_works [nicolae_subvault_shop_adworks]
D:2:      layout_loops_corners, shapermc_ecumenical_altar_ellora
D:3:      layout_basic, ebering_ghost_sewer_f
D:4:      layout_rooms, kennysheep_mini_moat, serial_shops,
          nicolae_shop_crystal, minivault_27, corexii_item_surrounded_by_moat,
          uniq_robin, uniq_sigmund, uniq_pikel

Skill      XL: |  1  2  3 |
---------------+----------+-----
Transmutations | 2 |  2.0
Air Magic      | 1 |  1.3
Dodging        | |  2.0
Stealth        | |  2.0
Spellcasting   | |  2.4
Poison Magic   | |  3.5

Action                   |  1- 3 |  4- 6 || total
-------------------------+-------+-------++-------
Melee: Unarmed           |     9 |       ||     9
       Dagger            |     7 |     3 ||    10
 Cast: Sting             |    42 |     3 ||    45
       Poisonous Vapours |     1 |       ||     1
  Use: Potion            |     1 |     2 ||     3
       Scroll            |     3 |       ||     3
Armor: Robe              |     4 |       ||     4
Dodge: Dodged            |    35 |     1 ||    36

Table legend: (Time is in decaauts)
 A = Elapsed time spent in this place.
 B = Non-inter-level travel time spent in this place.
 C = Inter-level travel time spent in this place.
 D = Time resting spent in this place.
 E = Time spent auto-exploring this place.
 F = Levels seen in this place.
 G = Mean time per level.
                   A        B        C        D        E       F      G
               +--------+--------+--------+--------+--------+-----+--------+
         Total |    828 |    729 |     99 |      0 |      0 |   4 |  207.0 |
       Dungeon |    828 |    729 |     99 |      0 |      0 |   4 |  207.0 |
               +--------+--------+--------+--------+--------+-----+--------+

Top non-repeatable levels by time:
     D:1: 484 daAuts
     D:2: 319 daAuts
     D:3: 18 daAuts
     D:4: 6 daAuts
